[Event "WchT 10th"]
[Site "Tsaghkadzor"]
[Date "2015.04.28"]
[Round "9.2"]
[White "Sutovsky, Emil"]
[Black "Karjakin, Sergey"]
[Result "1/2-1/2"]
[ECO "C91"]
[WhiteElo "2623"]
[BlackElo "2757"]
[PlyCount "184"]
[EventDate "2015.04.19"]
[EventType "team-tourn"]
[EventRounds "9"]
[EventCountry "ARM"]
[SourceTitle "CBM 166"]
[Source "ChessBase"]
[SourceDate "2015.05.11"]
[SourceVersion "1"]
[SourceVersionDate "2015.05.11"]
[SourceQuality "1"]
[WhiteTeam "Israel"]
[BlackTeam "Russia"]
[WhiteTeamCountry "ISR"]
[BlackTeamCountry "RUS"]
[TimeControl "40/5400+30:1800+30"]

1. e4 e5 2. Nf3 Nc6 3. Bb5 a6 4. Ba4 Nf6 5. O-O Be7 6. Re1 b5 7. Bb3 d6 8. c3
O-O 9. d4 Bg4 10. Be3 Bh5 11. Nbd2 Na5 12. dxe5 dxe5 13. h3 Nxb3 14. Qxb3 Nd7
15. Qd5 Bd6 16. a4 Nf6 17. Qc6 Qe8 18. Qxe8 Rfxe8 19. Nh4 Nd7 20. Nf5 f6 21.
Nb3 Bf8 22. Na5 Bf7 23. Nc6 bxa4 24. Rxa4 Nb6 25. Raa1 Nc4 26. b4 Re6 27. Na5
Nxe3 28. Nxe3 Rc8 29. Nd5 c5 30. bxc5 Rxc5 31. c4 Re8 32. Reb1 Bg6 33. f3 f5
34. exf5 Bxf5 35. Re1 Bd3 36. Kh1 e4 37. Nf4 Rcc8 38. Nxd3 exd3 39. Red1 Re3
40. Rab1 Bd6 41. c5 Rxc5 42. Nb7 Rd5 43. Nxd6 Rxd6 44. Rb3 a5 45. Ra3 Rd5 46.
Kg1 Kf7 47. Kf2 Re2+ 48. Kf1 Re3 49. Kf2 Re2+ 50. Kf1 Re6 51. Rdxd3 Rxd3 52.
Rxd3 a4 53. Ra3 Ra6 54. Ke2 Ke6 55. Kd3 Kd5 56. Kc2 h5 57. Re3 Re6 58. Ra3 Ra6
59. Re3 Re6 60. Ra3 Rc6+ 61. Kb2 Ra6 62. Kc2 Ke5 63. g3 Kd4 64. Rd3+ Kc4 65.
Rd7 g6 66. Re7 a3 67. Re4+ Kd5 68. Kb1 Rb6+ 69. Ka2 Rb2+ 70. Kxa3 Rg2 71. g4
Rg3 72. Rf4 Ke5 73. Re4+ Kd5 74. Rf4 Rxh3 75. Kb2 Ke5 76. Re4+ Kf6 77. gxh5
gxh5 78. Kc2 Rxf3 79. Kd2 Kg5 80. Ke2 Rf8 81. Re7 h4 82. Rg7+ Kh5 83. Rh7+ Kg4
84. Rg7+ Kh3 85. Rg6 Kh2 86. Rg4 h3 87. Rg7 Ra8 88. Kf2 Ra2+ 89. Kf1 Rg2 90.
Rf7 Kh1 91. Rf3 h2 92. Rf8 Rg4 1/2-1/2

[Event "Khanty-Mansiysk FIDE GP"]
[Site "Khanty-Mansiysk"]
[Date "2015.05.16"]
[Round "3"]
[White "Karjakin, Sergey"]
[Black "Dominguez Perez, Leinier"]
[Result "1/2-1/2"]
[ECO "C00"]
[WhiteElo "2753"]
[BlackElo "2734"]
[PlyCount "60"]
[EventDate "2015.05.14"]
[EventType "tourn"]
[EventRounds "11"]
[EventCountry "RUS"]
[EventCategory "21"]
[SourceTitle "CBM 167"]
[Source "ChessBase"]
[SourceDate "2015.07.13"]
[SourceVersion "1"]
[SourceVersionDate "2015.07.13"]
[SourceQuality "1"]
[TimeControl "40/7200:20/3600:900+30"]

1. Nf3 Nf6 2. g3 d5 3. Bg2 e6 4. O-O Be7 5. d3 O-O 6. Nbd2 c5 7. e4 Nc6 8. Re1 b5 9. e5 Nd7 10. Nf1 Bb7 11. h4 Qc7 12. Bf4 Rfc8 13.
Ne3 $146 (13. N1h2 Qd8 14. h5 h6 15. c3 a5 16. Qd2 d4 17. Ng4
dxc3 18. bxc3 Bf8 19. Nfh2 Rab8 20. Be4 b4 21. cxb4 axb4 22. Bxh6 gxh6 23.
Nxh6+ Bxh6 24. Qxh6 Ncxe5 25. Bh7+ Kh8 26. Bg6+ Kg8 27. Rxe5 Nxe5 28. Bh7+ Kh8
29. Be4+ Kg8 30. Bh7+ Kh8 31. Bg6+ Kg8 32. Bh7+ Kh8 33. Bg6+ Kg8 34. Bh7+ {
1/2-1/2 (34) Andreikin,D (2723)-Bukavshin,I (2618) Sochi 2015}) 13... Qd8 14. Ng4 Bf8 {[%emt 0:07:37] In the King's
Indian Attack, if White doesn't sacrifice anything on the kingside he has no
way of creating an advantage. Dominguez placed all of his pieces in such a way
that any sacrifice was basically impossible. The simplifications and opening
of the queenside slowly favored Black, but not by much.} 15. c4 Ne7 16. b3 Bc6 17. h5 h6 18. Ne3 Nb6 19. Qe2 bxc4 20. dxc4 dxc4 21. bxc4 Na4 22. Qc2 Rab8 23. Reb1 Qa5 24. Rb3 Nb6 25. Qe2 Nd7 26. Rab1 Qc7 27. g4 Be4 28. Rxb8 Rxb8 29. Rxb8 Qxb8 30. Nf1 Bc6 {[%emt 0:04:14] The final position is given as clear black advantage by
the engines, but to human eyes (at least mine) it looks like the position is
close to equal, maybe a very slight edge for Black.} 1/2-1/2

[Event "Khanty-Mansiysk FIDE GP"]
[Site "Khanty-Mansiysk"]
[Date "2015.05.26"]
[Round "11"]
[White "Karjakin, Sergey"]
[Black "Gelfand, Boris"]
[Result "1/2-1/2"]
[ECO "B94"]
[WhiteElo "2753"]
[BlackElo "2744"]
[PlyCount "65"]
[EventDate "2015.05.14"]
[EventType "tourn"]
[EventRounds "11"]
[EventCountry "RUS"]
[EventCategory "21"]
[SourceTitle "CBM 167"]
[Source "ChessBase"]
[SourceDate "2015.07.13"]
[SourceVersion "1"]
[SourceVersionDate "2015.07.13"]
[SourceQuality "1"]
[TimeControl "40/7200:20/3600:900+30"]

1. e4 c5 2. Nf3 d6 3. d4 cxd4 4. Nxd4 Nf6 5. Nc3 a6 6. Bg5 Nbd7 7. a4 e6 8. a5 Be7 9. Be2 O-O 10. O-O Qc7 (10... Nc5 11.
Bf3 Qc7 12. Re1 Rb8 13. Qd2 Rd8 14. Be3 b5 15. axb6 Rxb6 16. b3 Rb8 17. Nde2
Bb7 18. Ng3 Rbc8 19. Bd4 Ncd7 20. Rac1 Ne5 21. Na4 Nxf3+ 22. gxf3 Nd7 23. Qe3
Rf8 24. Nb6 Nxb6 25. Bxb6 Qd7 26. Bd4 Bh4 27. Red1 f5 28. Be5 Qf7 29. Bxd6 f4
30. Qa7 fxg3 31. hxg3 Qxf3 32. Bxf8 Qxe4 33. f3 Qxf3 {0-1 (33) Motylev,A (2648)
-Artemiev,V (2671) St Petersburg 2015}) 11. Qd3 $146 ({
Prédécesseur (7):} 11. Nb3 Ne5 12. Be3 Bd7 13. Bb6 Qc8 14. Nd2 Bc6 15. Bd4 Qc7
16. Be3 Rac8 17. f4 Ng6 18. Bd3 Qb8 19. g4 h6 20. h4 Nxh4 21. g5 Nh7 22. Qh5
hxg5 23. fxg5 Ng6 24. Rf3 Rfd8 25. Raf1 Nhf8 26. Rh3 e5 27. Bc4 d5 28. exd5 Bb5
29. Nxb5 Rxc4 30. Nxc4 axb5 31. Qf3 f6 32. d6 Rxd6 33. Nxd6 Qxd6 34. gxf6 Bxf6
35. Rd1 Qe7 36. Qd5+ Ne6 37. Qd7 Ngf4 38. Bxf4 Nxf4 39. Qc8+ {1-0 (39)
Naroditsky,D (2633)-Gao,R (2533) Reykjavik 2015}) 11... h6 12.
Bd2 Nc5 13. Qe3 d5 {[%emt 0:
26:35] A strange line of the Najdorf... it is not common that in this Sicilian
black ends up with an isolated queen's pawn! Gelfand's compensation for this
structural weakness came in the way of good piece play and swift development.
Karjakin had trouble coordinating his pieces, and it was never natural for him
to develop. The game was agreed drawn with a dynamic balance on the board.} 14.
exd5 exd5 15. Bf3 Rd8 16. Rfe1 Bd6 17. g3 Ne6 18. Qd3 Nc5 19.
Qe2 Bh3 20. Be3 Be5 21. Qd1 Nce4 22. Nce2 Bg4 23. c3 Qd7 24. Bg2 Nd6 25. f3 Nc4 26. Bc1 Bh3 27. Bxh3 Qxh3 28. b3 Nd6 29. Nf4 Bxd4+ 30. Qxd4 Qc8 31. Qd3 Nb5 32. Ne2 Nd7 33. Nd4 1/2-1/2

[Event "Tata Steel-A 79th"]
[Site "Wijk aan Zee"]
[Date "2017.01.15"]
[Round "2"]
[White "Rapport, Richard"]
[Black "Karjakin, Sergey"]
[Result "1/2-1/2"]
[ECO "A01"]
[WhiteElo "2702"]
[BlackElo "2785"]
[PlyCount "60"]
[EventDate "2017.01.14"]
[EventType "tourn"]
[EventRounds "13"]
[EventCountry "NED"]
[EventCategory "21"]
[SourceTitle "CBM 177"]
[Source "ChessBase"]
[SourceDate "2017.03.16"]
[SourceVersion "1"]
[SourceVersionDate "2017.03.16"]
[SourceQuality "1"]
[TimeControl "40/6000+30:20/3000+30:900+30"]

1. b3 e5 2. Bb2 Nc6 3. e3 Nf6 4. Bb5 Bd6 5. Na3 e4 6. Nc4 Be7 7. Bxc6 bxc6 8. Ne2 O-O 9. O-O a5 10. d3 $146 (10. Ng3 d5 11. Ne5 Qe8 12. c4 Bd6
13. d4 exd3 14. Nxd3 Ne4 15. cxd5 cxd5 16. Nf4 Bxf4 17. exf4 Nxg3 18. hxg3 Qd7
19. Re1 Bb7 20. Qd4 f6 21. a4 Rfe8 22. Qc5 Qc6 23. Rxe8+ Rxe8 24. Qxc6 Bxc6 25.
Rc1 Re2 26. Bxf6 gxf6 27. Rxc6 d4 28. Rxc7 d3 29. Rd7 d2 30. Kh2 h5 31. g4 h4
32. f3 Kf8 33. f5 Ke8 34. Rd5 Rf2 35. b4 {1-0 (35) Jobava,B (2710)-Bacrot,E 
(2702) Fujairah 2012}) 10... a4 11. Ng3 d5 12. Ne5 Qe8 13. dxe4 Nxe4 14. Nd3 Bd6 15. b4 Nxg3 16. hxg3 a3 17. Bd4 Ba6 18. Re1 Bc4 19. Nc5 f6 20. f4 Qg6 21. Kf2 Rfb8 22. c3 Rb5 23. g4 Bxc5 24. Bxc5 Qe4 25. Bd4 Rab8 26. Qf3 h6 27. Kg3 Re8 28. Rad1 Qc2 29. Qf2 Qxf2+ 30. Kxf2 Rbb8 1/2-1/2

[Event "Tata Steel-A 79th"]
[Site "Wijk aan Zee"]
[Date "2017.01.17"]
[Round "4"]
[White "Harikrishna, Pentala"]
[Black "Karjakin, Sergey"]
[Result "1/2-1/2"]
[ECO "C54"]
[WhiteElo "2766"]
[BlackElo "2785"]
[PlyCount "60"]
[EventDate "2017.01.14"]
[EventType "tourn"]
[EventRounds "13"]
[EventCountry "NED"]
[EventCategory "21"]
[SourceTitle "CBM 177"]
[Source "ChessBase"]
[SourceDate "2017.03.16"]
[SourceVersion "1"]
[SourceVersionDate "2017.03.16"]
[SourceQuality "1"]
[TimeControl "40/6000+30:20/3000+30:900+30"]

1. e4 e5 2. Nf3 Nc6 3. Bc4 Bc5 4. O-O Nf6 5. d3 O-O 6. h3 d6 7. c3 a6 8. Re1 Ba7 9. Bb3 Re8 10. Nbd2 Be6 11. Nf1 h6 12. Be3 Bxe3 13. Nxe3 Qd7 14. Nh2 Bxb3 $146 (14... d5 15. Nhg4 Nxg4 16. exd5 Nxe3 17. dxe6 Nxd1
18. exd7 Re7 19. Bxd1 Rxd7 20. Bf3 f6 21. d4 exd4 22. cxd4 Rxd4 23. Rac1 Rd6
24. Re3 Rad8 25. Rb3 Nd4 26. Rxb7 Nxf3+ 27. gxf3 Rd1+ 28. Rxd1 Rxd1+ 29. Kg2
Rd2 30. b4 Rxa2 {1/2-1/2 (30) Spasov,V (2539)-Feller,S (2622) Bol 2015}) 15.
axb3 Ne7 16. b4 d5 17. Nhg4 Nxg4 18. Qxg4 Rad8 19. exd5 Qxg4 20.
hxg4 Nxd5 21. Nxd5 Rxd5 22. d4 Kf8 23. dxe5 Rexe5 24. Rxe5 Rxe5 25. Kf1 Ke7 26. Rd1 h5 27. gxh5 Rxh5 28. Ke2 Re5+ 29. Kf1 Rh5 30. Ke2 Re5+ 1/2-1/2

[Event "Tata Steel-A 79th"]
[Site "Wijk aan Zee"]
[Date "2017.01.20"]
[Round "6"]
[White "Eljanov, Pavel"]
[Black "Karjakin, Sergey"]
[Result "1/2-1/2"]
[ECO "C65"]
[WhiteElo "2755"]
[BlackElo "2785"]
[PlyCount "70"]
[EventDate "2017.01.14"]
[EventType "tourn"]
[EventRounds "13"]
[EventCountry "NED"]
[EventCategory "21"]
[SourceTitle "CBM 177"]
[Source "ChessBase"]
[SourceDate "2017.03.16"]
[SourceVersion "1"]
[SourceVersionDate "2017.03.16"]
[SourceQuality "1"]
[TimeControl "40/6000+30:20/3000+30:900+30"]

1. e4 e5 2. Nf3 Nc6 3. Bb5 Nf6 4. d3 Bc5 5. Bxc6 dxc6 6. Qe2 Nd7 7. Nc3 $146 (7. Be3 Bd6
8. d4 O-O 9. Nbd2 Re8 10. O-O-O Qe7 11. Kb1 exd4 12. Nxd4 Nf6 13. f3 c5 14.
N4b3 b6 15. Qf2 a5 16. Nc4 Ba6 {1/2-1/2 (16) Alekseev,E (2632)-Jakovenko,D 
(2704) Khanty-Mansiysk 2016}) 7... O-O 8. Nd1 Re8 9. Ne3 Nf8 10. g3 Ne6 11. Nf5 Bf8 12. h4 c5 13. h5 Qf6 14. c4 b5 15. Ne3 a6 16. Bd2 Bb7 17.
Nd5 Qd8 18. b3 Rc8 19. Kf1 h6 20. a4 c6 21. Ne3 Nd4 22. Nxd4 cxd4 23. Nf5 c5 24. axb5 axb5 25. Kg2 Qd7 26. Qg4 Kh7 27. Ra5 Bc6 28. Rha1 Rb8 29. Ra7 Rb7 30. R7a6 bxc4 31. bxc4 Reb8 32. R1a2 Rb6 33. Ra7 R6b7 34. R7a6 Rb6 35. Ra7 R6b7 1/2-1/2

[Event "Tata Steel-A 79th"]
[Site "Wijk aan Zee"]
[Date "2017.01.24"]
[Round "9"]
[White "Wojtaszek, Radoslaw"]
[Black "Karjakin, Sergey"]
[Result "1/2-1/2"]
[ECO "E15"]
[WhiteElo "2750"]
[BlackElo "2785"]
[PlyCount "65"]
[EventDate "2017.01.14"]
[EventType "tourn"]
[EventRounds "13"]
[EventCountry "NED"]
[EventCategory "21"]
[SourceTitle "CBM 177"]
[Source "ChessBase"]
[SourceDate "2017.03.16"]
[SourceVersion "1"]
[SourceVersionDate "2017.03.16"]
[SourceQuality "1"]
[TimeControl "40/6000+30:20/3000+30:900+30"]

1. d4 Nf6 2. c4 e6 3. Nf3 b6 4. g3 Ba6 5. b3 Bb4+ 6. Bd2 Be7 7. Bg2 c6 8. Bc3 d5 9. O-O Nbd7 10. Nbd2 O-O 11. Qc2 Bb7 (11... c5 12. e4 dxc4 13. Nxc4 b5 14. Ba5 Qe8 15. Ne3 Bb7
16. d5 exd5 17. exd5 Bd8 18. Bc3 Bc7 19. Rfe1 Qb8 20. Rad1 Re8 21. Nf5 Rxe1+
22. Rxe1 Bd6 23. N3h4 Bf8 24. Ne7+ Bxe7 25. Rxe7 g6 26. Qd2 Qf8 27. d6 Bxg2 28.
Nxg2 Re8 29. Qe2 Rxe7 30. dxe7 Qb8 31. Nf4 Ne8 32. Nd5 b4 33. Ba1 Qd6 34. Qe4
f6 35. Qc4 Kg7 36. g4 Nb6 37. Nxb6 axb6 38. Qe2 Kf7 39. h3 Qxe7 40. Qc4+ Qe6
41. Qc1 {Goloshchapov,A (2586)-Karjakin,S (2771) Dubai 2014 0-1}) 12. Rfd1 c5 13. dxc5 bxc5 14. Ne5 Nxe5 15. Bxe5 Qb6 16. cxd5 exd5 17. Rac1 Rac8 18. e3 Rfd8 19. Qf5 g6 20. Qf4 Nh5 21. Qg4 Nf6 22. Qf4 Nh5 23. Qf3 Qe6 24. Bb2 Rd7 25. Qe2 Bf6 26. Bxf6 Nxf6 27. Qb5 Rdc7 28. Qa4 Kg7 29. Qf4 h6 30. h4 Nh5 31. Qa4 Nf6 32. Qf4 Nh5 33. Qa4 1/2-1/2

[Event "Tata Steel-A 79th"]
[Site "Wijk aan Zee"]
[Date "2017.01.28"]
[Round "12"]
[White "Karjakin, Sergey"]
[Black "Nepomniachtchi, Ian"]
[Result "1/2-1/2"]
[ECO "B91"]
[WhiteElo "2785"]
[BlackElo "2767"]
[PlyCount "42"]
[EventDate "2017.01.14"]
[EventType "tourn"]
[EventRounds "13"]
[EventCountry "NED"]
[EventCategory "21"]
[SourceTitle "CBM 177"]
[Source "ChessBase"]
[SourceDate "2017.03.16"]
[SourceVersion "1"]
[SourceVersionDate "2017.03.16"]
[SourceQuality "1"]
[TimeControl "40/6000+30:20/3000+30:900+30"]

1. e4 c5 2. Nf3 d6 3. d4 cxd4 4. Nxd4 Nf6 5. Nc3 a6 6. g3 e5 7. Nb3 Be7 8. Bg2 O-O 9. O-O Be6 10. a4 Nbd7 11. Re1 Rc8 12. Nd2 Bg4 (
12... Nb6 13. Nf1 d5 14. exd5 Nfxd5 15. Nxd5 Nxd5 16. c3 f6 17. Ne3 Nxe3 18.
Bxe3 Qc7 19. Bd5 Qd7 20. Bg2 Rfd8 21. Bb6 Qxd1 22. Rexd1 Rxd1+ 23. Rxd1 Kf7 24.
a5 Rb8 25. f4 exf4 26. gxf4 Ke8 27. Kf2 Bd7 28. Re1 Kf8 29. Rd1 Ke8 30. Bd5 Bc6
31. Be6 Bd8 32. Ke3 Bxb6+ 33. axb6 Ke7 34. Bf5 g6 35. Bc2 Rc8 36. h4 f5 37. h5
Be8 38. hxg6 hxg6 39. Rh1 Bf7 40. Kd4 Rc4+ 41. Ke3 Rc6 42. Kd4 {Wei,Y (2707)
-Nepomniachtchi,I (2767) Doha 2016 1/2-1/2 (72)}) 13. Bf3 Bxf3 14. Nxf3 $146 (14. Qxf3 Nc5 15. b3 Ne6 16.
Nc4 Nd4 17. Qd3 b5 18. Ne3 Nf3+ 19. Kf1 Nxe1 20. Kxe1 Qd7 21. axb5 axb5 22.
Nxb5 d5 23. Ra7 Bb4+ 24. Bd2 Bxd2+ 25. Kxd2 Nxe4+ 26. Qxe4 Qxb5 27. Qxe5 Rce8
28. Qd4 Re4 29. Qd3 Qc5 30. Ra4 Rxa4 31. bxa4 d4 32. Nf5 Rd8 33. Kd1 g6 34. Nh4
Qa5 35. Qb5 Qc3 36. Qb3 Qa1+ 37. Kd2 Qf1 38. Qf3 Re8 39. Ng2 Qc4 40. a5 Qb4+
41. Kc1 Qxa5 42. Qc6 Qa3+ 43. Kd2 Qa5+ {Swati,G (2226)-Gomes,M (2418) Kolkata
2013 0-1}) 14... Re8 15. Be3 Nb6 16. Rb1 Nc4 17. Qd3 d5 18. Nxd5 Nxd5 19. Qxd5 Qxd5 20. exd5 e4 21. Nd2 Nxd2 1/2-1/2

[Event "Paris GCT Rapid"]
[Site "Paris"]
[Date "2017.06.22"]
[Round "5"]
[White "Bacrot, Etienne"]
[Black "Karjakin, Sergey"]
[Result "0-1"]
[ECO "B51"]
[WhiteElo "2708"]
[BlackElo "2781"]
[PlyCount "52"]
[EventDate "2017.06.21"]
[EventType "tourn (rapid)"]
[EventRounds "9"]
[EventCountry "FRA"]
[EventCategory "22"]
[SourceTitle "CBM 179"]
[Source "ChessBase"]
[SourceDate "2017.07.12"]
[SourceVersion "1"]
[SourceVersionDate "2017.07.12"]
[SourceQuality "1"]
[TimeControl "1500"]

1. e4 c5 2. Nf3 d6 3. Bb5+ Nd7 4. O-O Ngf6 5. Re1 a6 6. Bf1 b6 7. d4 cxd4 8. Qxd4 Bb7 9. Nc3 e6 10. Bg5 Be7 11. Rad1 Qc7 12. a4 Rc8 13. h3 O-O 14. Qe3 h6 15. Bh4 Rfd8 16. Bg3 Ne5 17. Nd2 Nfd7 18. Kh1 Nc5 19. f4 Nc6 20. Nf3 Nb4 21. Qf2 Bf6 22. f5 Bxc3 23. bxc3 Na2 24. fxe6 Nxc3 25. Bxd6 Nxd1 26. Rxd1 Rxd6 0-1

[Event "Paris GCT Rapid"]
[Site "Paris"]
[Date "2017.06.23"]
[Round "8"]
[White "Karjakin, Sergey"]
[Black "Vachier Lagrave, Maxime"]
[Result "0-1"]
[ECO "B90"]
[WhiteElo "2781"]
[BlackElo "2796"]
[PlyCount "106"]
[EventDate "2017.06.21"]
[EventType "tourn (rapid)"]
[EventRounds "9"]
[EventCountry "FRA"]
[EventCategory "22"]
[SourceTitle "CBM 179"]
[Source "ChessBase"]
[SourceDate "2017.07.12"]
[SourceVersion "1"]
[SourceVersionDate "2017.07.12"]
[SourceQuality "1"]
[TimeControl "1500"]

1. e4 c5 2. Nf3 d6 3. d4 cxd4 4. Nxd4 Nf6 5. Nc3 a6 6. h3 e5 7. Nde2 h5 8. g3 Be6 9. Bg2 b5 10. O-O Nbd7 11. Be3 Be7 12. Nd5 Nxd5 13. exd5 Bf5 14. f4 Rc8 15. c3 Bh7 16. Qe1 O-O 17. Rd1 h4 18.
g4 exf4 19. Nxf4 Bg5 20. Bd4 Re8 21. Qf2 Ne5 22. Rde1 Qd7 23.
Be4 Bxe4 24. Rxe4 Qb7 25. a3 Rc7 26. Bxe5 dxe5 27. Rfe1 Rc4 28. Rxc4 bxc4 29. Ng2 Qxd5 30. Nxh4 e4 31. Nf5 e3 32. Qe2 g6 33.
Nd4 Bh4 34. Rf1 Bf2+ 35. Rxf2 exf2+ 36. Qxf2 Qe4 37. Nf3 Qe2 38. Kg2 Qxf2+ 39. Kxf2 Rb8 40. Ne5 Rxb2+ 41. Ke3 Rh2 42. Kd4 Rxh3 43. Kxc4 Rg3 44. Kd4 f6 45. Nd7 Rxg4+ 46. Kd5 Kf7 47. c4 Ke7 48. Nb6 Rg1 49. c5 Rd1+ 50. Kc6 g5 51. Kb7 g4 52. c6 g3 53. c7 Rc1 0-1